 Dungeon Crawl Stone Soup version 0.23-a0-417-gf02c810 (webtiles) character file.

239780 AymanAU the Slayer (level 19, -18/132 HPs)
             Began as a Minotaur Fighter on Nov 10, 2018.
             Was an Initiate of Gozag.
             Killed from afar by a raiju (21 damage)
             ... with a living lightning
             ... on level 2 of the Abyss.
             The game lasted 03:30:26 (43217 turns).

AymanAU the Slayer (Minotaur Fighter)              Turns: 43217, Time: 03:30:27

Health: -18/132    AC: 29    Str: 22 (23) XL:     19   Next: 3%
Magic:  24/24      EV:  8    Int:  3 (5)  God:    Gozag
Gold:   2595       SH:  0    Dex: 10 (12) Spells: 18/18 levels left

rFire    + + .     SeeInvis .   a - +2 battleaxe (venom)
rCold    + + .     Gourm    .   (shield currently unavailable)
rNeg     . . .     Faith    .   O - +9 scales of the Dragon King {rPois rF+ rC+ MR+}
rPois    +         Spirit   .   (helmet restricted)
rElec    .         Reflect  .   D - scarf {rC+ rF+}
rCorr    .         Harm     .   Z - +0 pair of gloves
MR       ++++.                  j - +0 pair of boots
Stlth    ..........             K - amulet of regeneration
HPRegen  0.72/turn              o - ring of protection from magic
MPRegen  0.19/turn              m - ring of protection from magic

@: about to teleport, very slightly contaminated, drained
A: retaliatory headbutt, horns 2, [deformed body], [deterioration 1], [frail 3],
[screaming 2], [weak 2]
}: 1/15 runes: decaying
a: Potion Petition, Call Merchant, Bribe Branch, Renounce Religion


You were on level 2 of the Abyss.
You worshipped Gozag.
Gozag was most pleased with you.
You were not hungry.

You visited 8 branches of the dungeon, and saw 33 of its levels.
You visited the Abyss 1 time.
You also visited: Sewer.

You collected 14082 gold pieces.
You spent 5087 gold pieces at shops.
You paid 6400 gold pieces to Gozag.

Inventory:

Hand Weapons
 a - a +2 battleaxe of venom (weapon)
 b - the +8 arbalest of Domination {elec, Dex+2}
   (You bought it in a shop on level 2 of the Orcish Mines)

   It charges the ammunition it shoots with electricity; occasionally upon a
   hit, such missiles may discharge and cause terrible harm.
   It affects your dexterity (+2).
 c - the +9 mace of Desperation {speed, Str+4}
   (You found it on level 9 of the Dungeon)

   Attacks with this weapon are significantly faster.
   It affects your strength (+4).
 g - a +2 vampiric hand axe
Missiles
 e - 118 poisoned needles
 l - 587 stones (quivered)
 q - 373 bolts
 u - 61 sling bullets
 F - 177 arrows
 G - 6 curare-tipped needles
Armour
 j - a +0 pair of boots (worn)
 D - a scarf of resistance (worn)
 O - the +9 scales of the Dragon King (worn) {rPois rF+ rC+ MR+}
   (You bought it in a shop on level 2 of the Swamp)

   It protects you from fire.
   It protects you from cold.
   It protects you from poison.
   It affects your resistance to hostile enchantments.
 Z - a +0 pair of gloves (worn)
Jewellery
 m - a ring of protection from magic (right hand)
 o - a ring of protection from magic (left hand)
 s - a +5 ring of slaying
 H - a +6 ring of dexterity
 K - an amulet of regeneration (around neck)
 T - an uncursed ring of poison resistance
Wands
 v - a wand of digging (7)
 J - a wand of disintegration (42)
 L - a wand of paralysis (9)
 M - a wand of clouds (7)
 V - a wand of polymorph (16)
Scrolls
 d - a scroll of vulnerability {unknown}
 k - 20 scrolls of teleportation
 n - 6 scrolls of fear
 t - 9 scrolls of fog
 y - 4 scrolls of magic mapping
 z - 14 scrolls of remove curse
 I - 2 scrolls of identify
Potions
 h - a potion of mutation
 p - 10 potions of curing
 x - 2 potions of haste
 A - 9 potions of flight
 Q - 8 potions of agility
Comestibles
 f - 26 rations


   Skills:
 + Level 21.1(21.0) Fighting
 - Level 19.4(19.8) Axes
 - Level 8.9(15.2) Maces & Flails
 - Level 6.9(6.8) Crossbows
 - Level 8.0(7.8) Throwing
 - Level 20.0(19.8) Armour
 - Level 8.1(8.0) Dodging
   Level 3.6(3.5) Shields
 - Level 8.0(7.9) Evocations


You had 18 spell levels left.
You didn't know any spells.
Your spell library contained the following spells:

 Spells                   Type           Power        Failure   Level  Hunger
 Apportation              Tloc           #.....       100%        1    ##.....
 Beastly Appendage        Tmut           #.....       100%        1    ##.....
 Corona                   Hex            #......      100%        1    ##.....
 Summon Butterflies       Summ           #.......     100%        1    ##.....
 Summon Small Mammal      Summ           #...         100%        1    ##.....
 Blink                    Tloc           N/A          100%        2    ###....
 Call Imp                 Summ           #.......     100%        2    ###....
 Ensorcelled Hibernation  Hex/Ice        #.....       100%        2    ###....
 Shroud of Golubria       Chrm/Tloc      #.........   100%        2    ###....
 Sticks to Snakes         Tmut           #.......     100%        2    ###....
 Call Canine Familiar     Summ           #.......     100%        3    ####...
 Confuse                  Hex            #.......     100%        3    ####...
 Dazzling Spray           Conj/Hex       #.....       100%        3    ####...
 Gell's Gravitas          Tloc           #.........   100%        3    ####...
 Ignite Poison            Fire/Tmut/Pois #.......     100%        3    ####...
 Lesser Beckoning         Tloc           #.........   100%        3    ####...
 Recall                   Summ/Tloc      N/A          100%        3    ####...
 Spider Form              Tmut/Pois      #.........   100%        3    ####...
 Summon Guardian Golem    Hex/Summ       #.......     100%        3    ####...
 Teleport Other           Tloc           #.......     100%        3    ####...
 Tukima's Dance           Hex            #.......     100%        3    ####...
 Animate Dead             Necr           N/A          100%        4    #####..
 Ice Form                 Ice/Tmut       #.......     100%        4    #####..
 Passage of Golubria      Tloc           N/A          100%        4    #####..
 Summon Ice Beast         Ice/Summ       #.......     100%        4    #####..
 Summon Lightning Spire   Summ/Air       #.......     100%        4    #####..
 Alistair's Intoxication  Tmut/Pois      #.......     100%        5    ######.
 Blade Hands              Tmut           #.........   100%        5    ######.
 Borgnjor's Vile Clutch   Necr/Erth      #.........   100%        5    ######.
 Fireball                 Conj/Fire      #.........   100%        5    ######.
 Bolt of Fire             Conj/Fire      #.........   100%        6    #######
 Death Channel            Necr           #.........   100%        6    #######
 Invisibility             Hex            #.......     100%        6    #######
 Simulacrum               Ice/Necr       #.........   100%        6    #######
 Ring of Flames           Chrm/Fire      #.........   100%        7    #######
 Ignition                 Fire           #.........   100%        8    #######


Dungeon Overview and Level Annotations

Branches:
Dungeon (15/15)            Temple (1/1) D:4            Lair (6/6) D:9
  Swamp (4/4) Lair:4        Snake (3/4) Lair:4        Slime (0/5) Lair:6
    Orc (2/2) D:9             Elf (1/3) Orc:2        Vaults (1/5) D:14
 Depths (0/5) D:15

Altars:
Ashenzari
Cheibriados
Dithmenos
Elyvilon
Fedhas
Gozag
Hepliaklqana
Kikubaaqudgha
Makhleb
Nemelex Xobeh
Okawaru
Qazlal
Sif Muna
Trog
Uskayaw
Vehumet
Wu Jian
Xom
Yredelemnul
The Shining One
Beogh
Jiyva

Shops:
D:4 [   D:6 ?   D:11 !   D:15 !   Orc:2 ?:(*[(!%   Elf:1 [   Swamp:2 [=(
Snake:2 *

Annotations:
D:11 3 runed doors, goofnerd's ghost, journeyman DsGl
Lair:4 exclusion: 3 oklob plants
Swamp:1 1 runed door
Snake:2 3 runed doors, Midd's ghost, adept DrBe; Totoid's ghost, adept DrBe; Violenta's ghost, journeyman TrFi


Innate Abilities, Weirdness & Mutations

You reflexively headbutt those who attack you in melee.
You have a pair of horns on your head.
[Armour fits poorly on your strangely shaped body.]
[Your body sometimes deteriorates upon taking damage.]
[You are extremely frail. (-30% HP)]
[You sometimes yell uncontrollably at your foes.]
[You are very weak. (Str -4)]


Message History

The raiju bursts into living lightning!
The living lightning hits the raiju.
The raiju completely resists.
The living lightning misses the raiju.
The living lightning hits you!
The raiju blinks! x2
The raiju barks!
The small abomination hits you but does no damage.
The raiju bursts into living lightning!
The living lightning hits the raiju.
The raiju completely resists.
The living lightning misses you.
The raiju blinks!
The wretched star pulses with an eldritch light!
You feel the urge to shout.
You feel a strong urge to yell.
The raiju becomes distracted by the nearby gold, dreaming of imaginary riches.
A demonic crawler comes into view.
The raiju barks! x2
Unknown command.
You hear a horrible gurgling sound!
The raiju bursts into living lightning!
The living lightning hits you!
You die...
Your body crumbles into a pile of gold.

#.# #.#.#.......(§ $..
#z..#.h#...$..$.......
#zz##$##$$..(# ....#
#$.§..#...###...##
#...####.W(§(#.....#
#....#...##hhh5.(.....
##.# #...#....uh.....
#. . #.....u(u.u.. #
.# ##.@x.#.....# #.
#..#.....###.*.## #
#...##.h..# ....# ...
#...... .... ..
#....... ...
#...........
#....#s... ..?.###...


You could see 3 very ugly things, a white ugly thing, a demonic crawler, 5
raiju, a wraith, a small abomination and a quasit.

Vanquished Creatures
  A lich (Abyss:2)
  3 tentacled starspawn (Abyss:2)
  2 thorn hunters
  3 nagarajas (Snake:2)
  5 vault wardens (Vaults:1)
  4 ironheart preservers (Vaults:1)
  Nessos (Lair:4)
  A minotaur (Orc:2)
  Snorg (D:13)
  An ettin (Vaults:1)
  A deep elf death mage (Elf:1)
  The ghost of RedSky the Grappler, a journeyman TrMo (Orc:2)
  Fannar (D:12)
  2 fire dragons
  3 ogre magi
  2 yaktaur captains (Vaults:1)
  Harold (D:8)
  Erolcha (D:9)
  4 vault guards (D:14)
  8 naga warriors
  A catoblepas (Lair:2)
  An ice dragon (D:15)
  21 hydras
  4 shambling mangroves
  Erica (D:9)
  3 centaur warriors
  3 anacondas
  17 alligators
  7 two-headed ogres
  A death knight (D:15)
  3 tengu warriors
  A deep troll earth mage (Vaults:1)
  8 shock serpents
  Urug (Lair:4)
  2 wretched stars (Abyss:2)
  8 deep elf knights
  7 naga sharpshooters
  3 skeletal warriors
  Nergalle (Lair:1)
  A salamander mystic (Snake:1)
  3 sea snakes (Snake:3)
  7 deep trolls (Vaults:1)
  5 naga ritualists
  2 ironbrand convokers (Vaults:1)
  17 swamp dragons
  2 wizards
  An unseen horror (D:11)
  A spriggan druid (Swamp:3)
  9 deep elf archers
  4 orc knights
  2 large abominations (Abyss:2)
  14 deep elf magi
  A phantasmal warrior (D:15)
  15 mana vipers
  A necromancer (Vaults:1)
  A harpy (shapeshifter) (Vaults:1)
  A wolf spider zombie (Vaults:1)
  6 orc sorcerers (Orc:2)
  3 salamanders (Snake:2)
  A worldbinder (Abyss:2)
  19 elephants
  7 cyclopes
  A sphinx skeleton (Vaults:1)
  24 ugly things
  9 naga magi
  38 black mambas
  A stone giant skeleton (Vaults:1)
  28 spiny frogs
  3 guardian serpents
  2 vault sentinels (Vaults:1)
  The ghost of bonscott the Summoner, a novice TeSu of Gozag (D:6)
  3 gargoyles
  A torpor snail (Lair:6)
  5 centaur skeletons
  8 komodo dragons
  9 yaktaurs (Vaults:1)
  3 rime drakes
  A tengu conjurer (D:15)
  An ancient zyme (Abyss:2)
  A freezing wraith (D:15)
  A harpy zombie (D:10)
  A meliai (D:12)
  2 trolls
  19 hornets
  2 polar bears (Lair:3)
  8 tyrant leeches
  25 blink frogs
  6 slime creatures (D:12)
  7 dream sheep (Lair:6)
  A hippogriff (shapeshifter) (Vaults:1)
  16 bog bodies
  11 hippogriffs
  A meliai zombie (D:10)
  8 raiju (Abyss:2)
  Sigmund (D:5)
  A spriggan (shapeshifter) (D:14)
  An air elemental (Abyss:2)
  3 shadows
  A vampire (D:13)
  22 yaks
  8 flying skulls (Abyss:2)
  4 wraiths
  A ynoxinul (Abyss:2)
  4 spriggans
  3 wyverns
  A basilisk (shapeshifter) (Elf:1)
  6 basilisks
  A water elemental (Elf:1)
  4 hungry ghosts
  A chaos spawn (Abyss:2)
  3 humans
  34 vampire mosquitoes
  A steam dragon (D:13)
  34 insubstantial wisps
  9 wargs (Orc:2)
  2 soldier ants
  32 nagas
  17 swamp worms
  2 acid dragons
  13 water moccasins
  24 orc warriors
  An ogre skeleton (Vaults:1)
  7 porcupines
  3 ice beasts
  2 sky beasts
  2 black bears
  An orc zombie (Vaults:1)
  6 swamp drakes
  A hornet zombie (D:15)
  3 eyes of draining
  A necrophage (D:7)
  18 ogres
  13 centaurs
  A swamp dragon skeleton (Abyss:2)
  12 wolves
  13 crocodiles
  2 big kobolds
  Blork the orc (D:4)
  35 bullfrogs
  An earth elemental (Elf:1)
  5 small abominations (Abyss:2)
  A wyvern skeleton (D:13)
  7 scorpions
  A jelly (D:5)
  13 killer bees
  6 wights
  6 electric eels
  6 crimson imps
  9 hounds
  7 quasits
  A bullfrog zombie (D:5)
  3 centaur zombies
  13 orc priests
  47 orc wizards
  An iron imp (Abyss:2)
  4 bullfrog skeletons
  Terence (D:2)
  4 iguanas
  9 worker ants
  A killer bee zombie (D:8)
  3 hound skeletons
  A howler monkey zombie (D:8)
  3 gnolls (D:5)
  15 adders
  7 river rats (Sewer)
  4 shadow imps
  3 oozes
  2 adder skeletons
  3 dart slugs
  4 worms
  7 leopard geckos
  105 orcs
  10 bats
  5 giant cockroaches
  6 goblins
  6 hobgoblins
  11 jackals
  4 quokkas
  9 ball pythons
  6 frilled lizards
  A jackal skeleton (D:4)
  25 kobolds
  3 leopard gecko skeletons
  19 rats
  A butterfly (Lair:4)
  2 fungi
  3 starspawn tentacles (Abyss:2)
1278 creatures vanquished.

Vanquished Creatures (others)
  A rakshasa (Abyss:2)
  6 dancing weapons
  A spriggan berserker (Swamp:4)
  A spiny frog (Swamp:4)
  A bog body (Swamp:2)
  A flying skull (Abyss:2)
  A naga (Snake:3)
  An orc (Orc:2)
  A kobold (D:2)
  10 fungi
  A lurking horror (Abyss:2)
  32 plants
  5 starspawn tentacles (Abyss:2)
  4 toadstools (D:12)
  4 withered plants (Snake:2)
70 creatures vanquished.

Grand Total: 1348 creatures vanquished

Notes
Turn   | Place    | Note
-------+----------+-------------------------------------------
     0 | D:1      | AymanAU the Minotaur Fighter began the quest for the Orb.
     0 | D:1      | Reached XP level 1. HP: 19/19 MP: 0/0
    92 | D:1      | Reached skill level 4 in Fighting
   264 | D:1      | Reached XP level 2. HP: 28/28 MP: 1/1
   705 | D:2      | Found a radiant altar of Vehumet.
   870 | D:2      | Reached skill level 5 in Fighting
   902 | D:2      | Reached XP level 3. HP: 36/36 MP: 2/2
  1410 | D:2      | Noticed Terence
  1423 | D:2      | Killed Terence
  1423 | D:2      | Reached skill level 6 in Fighting
  1423 | D:2      | Reached XP level 4. HP: 35/44 MP: 3/3
  1603 | D:3      | Found a basalt altar of Yredelemnul.
  1912 | D:3      | Reached XP level 5. HP: 46/50 MP: 4/4
  2356 | D:3      | Found a bloodstained altar of Trog.
  2598 | D:4      | Found a staircase to the Ecumenical Temple.
  2608 | Temple   | Entered the Ecumenical Temple
  2789 | Temple   | Became a worshipper of Gozag Ym Sagoz the Greedy
  2862 | D:4      | Reached skill level 5 in Axes
  2885 | D:4      | Reached XP level 6. HP: 57/57 MP: 5/5
  2970 | D:4      | Found a shimmering altar of Xom.
  2971 | D:4      | Found a hazy altar of Hepliaklqana.
  2971 | D:4      | Noticed a yak
  2972 | D:4      | Noticed a spectral ugly thing
  2972 | D:4      | Noticed a yak
  3152 | D:4      | Found Diuwowni's Antique Armour Shop.
  3175 | D:4      | Reached XP level 7. HP: 37/63 MP: 6/6
  3489 | D:4      | Noticed Blork the orc
  3496 | D:4      | Killed Blork the orc
  3721 | D:4      | Found an iron altar of Okawaru.
  3788 | D:5      | Entered Level 5 of the Dungeon
  3866 | D:5      | Reached skill level 5 in Armour
  3870 | D:5      | Noticed Sigmund
  3901 | D:5      | Killed Sigmund
  4077 | D:5      | Reached XP level 8. HP: 70/70 MP: 7/7
  4663 | D:5      | Found a sparkling altar of Nemelex Xobeh.
  4664 | D:5      | Found a white marble altar of Elyvilon.
  4759 | D:6      | Found a burning altar of Makhleb.
  4764 | D:6      | Found a runed door.
  4764 | D:6      | Found a shimmering altar of Xom.
  4764 | D:6      | Noticed bonscott's ghost (novice TeSu)
  4765 | D:6      | Noticed a glowing falchion
  4864 | D:6      | Found a hazy altar of Hepliaklqana.
  4926 | D:6      | Found a glowing drain.
  5008 | Sewer    | Entered a sewer
  5221 | Sewer    | Reached skill level 10 in Axes
  5754 | D:6      | Found Cuilloho's Magic Scroll Shoppe.
  6164 | D:7      | Reached XP level 9. HP: 73/75 MP: 8/8
  6900 | D:8      | Noticed a two-headed ogre
  6969 | D:7      | Killed a two-headed ogre
  7094 | D:8      | Noticed a two-headed ogre
  7101 | D:8      | Killed a two-headed ogre
  7101 | D:8      | Reached skill level 7 in Fighting
  7101 | D:8      | Reached XP level 10. HP: 43/88 MP: 9/9
  7310 | D:8      | Noticed Harold
  7324 | D:8      | Killed Harold
  7324 | D:8      | Reached skill level 9 in Fighting
  7392 | D:8      | Found an ancient bone altar of Kikubaaqudgha.
  7505 | D:8      | Reached skill level 10 in Fighting
  7672 | D:8      | Found an iron altar of Okawaru.
  7676 | D:8      | Reached skill level 1 in Dodging
  7836 | D:8      | Got a slimy robe
  8291 | D:9      | Noticed Erica
  8309 | D:9      | Killed Erica
  8309 | D:9      | Reached skill level 5 in Dodging
  8398 | D:9      | Got a steaming mace
  8406 | D:9      | Found a staircase to the Lair.
  8623 | D:9      | Found a staircase to the Orcish Mines.
  8642 | D:9      | Reached XP level 11. HP: 99/99 MP: 10/10
  8705 | D:9      | You fall through a shaft for 3 floors!
  8705 | D:12     | Noticed Fannar
  8714 | D:12     | Killed Fannar
  8889 | D:10     | Entered Level 10 of the Dungeon
  9078 | D:9      | Identified the +9 mace of Desperation {speed, Str+4} (You
                  | found it on level 9 of the Dungeon)
  9191 | D:10     | Reached skill level 15 in Axes
 10405 | D:10     | Got a ripped robe
 10578 | D:10     | Identified the cursed +1 robe of Moral Flaws {rElec Dex+4}
                  | (You found it on level 8 of the Dungeon)
 10604 | D:10     | Identified the +2 robe "Vighoa" {rF+ Slay+2 Stlth+} (You
                  | found it on level 10 of the Dungeon)
 10743 | D:11     | Reached skill level 10 in Armour
 10806 | D:11     | Killed an unseen horror
 10860 | D:11     | Found a runed gate.
 10861 | D:11     | Noticed goofnerd's ghost (journeyman DsGl)
 10861 | D:11     | Found a runed gate.
 10862 | D:11     | Found a runed gate.
 11116 | D:11     | Found a hazy altar of Hepliaklqana.
 11143 | D:11     | Found Wuan's Distillery.
 11163 | D:11     | Bought a potion of heal wounds for 60 gold pieces
 11163 | D:11     | Bought a potion of agility for 48 gold pieces
 11163 | D:11     | Bought a potion of curing for 36 gold pieces
 11163 | D:11     | Bought a potion of heal wounds for 60 gold pieces
 11295 | D:11     | Found a roughly hewn altar of Beogh.
 11412 | D:6      | Killed a falchion of chaos
 11425 | D:6      | Killed bonscott's ghost
 11722 | D:6      | Bought a scroll of identify for 28 gold pieces
 11722 | D:6      | Bought a scroll of teleportation for 42 gold pieces
 11722 | D:6      | Bought a scroll of identify for 28 gold pieces
 11722 | D:6      | Bought a scroll of identify for 28 gold pieces
 11722 | D:6      | Bought a scroll of identify for 28 gold pieces
 11722 | D:6      | Bought a scroll of blinking for 105 gold pieces
 11797 | D:5      | Reached XP level 12. HP: 106/106 MP: 11/11
 11911 | D:9      | Identified a scroll of acquirement
 11931 | Lair:1   | Entered Level 1 of the Lair of Beasts
 12328 | Lair:1   | Noticed Nergalle
 12341 | Lair:1   | Killed Nergalle
 12754 | Lair:1   | You fall through a shaft!
 12986 | Lair:2   | Noticed a catoblepas
 13010 | Lair:2   | Killed a catoblepas
 13805 | Lair:3   | Reached skill level 11 in Fighting
 14297 | Lair:3   | Reached skill level 12 in Fighting
 15043 | Lair:4   | Reached skill level 13 in Fighting
 15123 | Lair:3   | Reached XP level 13. HP: 90/122 MP: 12/12
 15363 | Lair:4   | Noticed Nessos
 15413 | Lair:4   | Noticed Urug
 15466 | Lair:4   | Killed Urug
 15466 | Lair:4   | Reached skill level 14 in Fighting
 15675 | Lair:4   | Killed Nessos
 15873 | Lair:4   | Found a staircase to the Snake Pit.
 16052 | Lair:4   | Identified the +8 fustibalus "Dusoud" {speed, rN++ MR+
                  | Dex-5 SInv}
 16280 | Lair:4   | Reached skill level 15 in Fighting
 16340 | Lair:4   | Found a staircase to the Swamp.
 16996 | Lair:5   | Reached skill level 15 in Armour
 17559 | Lair:6   | Entered Level 6 of the Lair of Beasts
 18362 | Orc:1    | Entered Level 1 of the Orcish Mines
 18373 | Orc:1    | Reached XP level 14. HP: 114/135 MP: 13/13
 18411 | Orc:1    | Noticed Erolcha
 18482 | D:9      | Killed Erolcha
 18950 | Orc:2    | Entered Level 2 of the Orcish Mines
 18950 | Orc:2    | Found a staircase to the Elven Halls.
 19447 | Orc:2    | Found a roughly hewn altar of Beogh.
 19627 | Orc:2    | Found a runed gate.
 19638 | Orc:2    | Found a runed gate.
 19653 | Orc:2    | Found a runed gate.
 19815 | Orc:2    | Found Xudeowis's Magic Scroll Boutique.
 19843 | Orc:2    | Bought a scroll of blinking for 112 gold pieces
 19843 | Orc:2    | Bought a scroll of teleportation for 45 gold pieces
 19843 | Orc:2    | Bought a scroll of enchant armour for 112 gold pieces
 19843 | Orc:2    | Bought a scroll of enchant armour for 112 gold pieces
 19847 | Orc:2    | Found Ujifet's Book Emporium.
 19922 | Orc:2    | Found Soke's Distillery.
 19932 | Orc:2    | Found Seon's Food Emporium.
 19979 | Orc:2    | Bought a potion of haste for 160 gold pieces
 19979 | Orc:2    | Bought a potion of curing for 48 gold pieces
 19979 | Orc:2    | Bought a potion of might for 64 gold pieces
 19979 | Orc:2    | Bought a potion of heal wounds for 80 gold pieces
 20118 | Orc:2    | Noticed RedSky's ghost (journeyman TrMo)
 20175 | Elf:1    | Entered Level 1 of the Elven Halls
 20391 | Orc:2    | Killed RedSky's ghost
 22281 | D:13     | Noticed Snorg
 22306 | D:13     | Killed Snorg
 23022 | D:14     | Reached skill level 1 in Maces & Flails
 23475 | D:14     | Reached skill level 5 in Maces & Flails
 23515 | D:14     | Reached XP level 15. HP: 135/141 MP: 14/14
 23993 | D:15     | Entered Level 15 of the Dungeon
 23993 | D:15     | Found Afagas's Distillery.
 24034 | D:15     | Bought a potion of might for 56 gold pieces
 24034 | D:15     | Bought a potion of might for 56 gold pieces
 24052 | D:15     | Got a translucent scimitar
 24053 | D:15     | Identified the +3 scimitar "Death Rattle" {slice, rN++}
                  | (You found it on level 15 of the Dungeon)
 24318 | D:15     | Found a staircase to the Depths.
 24819 | Lair:6   | Found a viscous altar of Jiyva.
 24821 | Lair:6   | Found a staircase to the Slime Pits.
 26754 | D:14     | Reached skill level 16 in Fighting
 26804 | D:14     | Found a gate to the Vaults.
 28144 | Elf:1    | Found Qyptio's Antique Armour Shoppe.
 28556 | Elf:1    | Reached XP level 16. HP: 127/152 MP: 15/15
 28997 | Elf:1    | Reached skill level 17 in Fighting
 29501 | Orc:2    | Bought a shiny plate armour for 1014 gold pieces
 29527 | Orc:2    | Bought an ichor-stained arbalest for 342 gold pieces
 29527 | Orc:2    | Identified the +8 arbalest of Domination {elec, Dex+2} (You
                  | bought it in a shop on level 2 of the Orcish Mines)
 30242 | Swamp:1  | Entered Level 1 of the Swamp
 30260 | Swamp:1  | Reached skill level 1 in Crossbows
 30397 | Swamp:1  | Noticed a thorn hunter
 30414 | Swamp:1  | Killed a thorn hunter
 30631 | Swamp:1  | Found a runed door.
 31751 | Swamp:2  | Reached skill level 5 in Crossbows
 31788 | Swamp:2  | Reached skill level 18 in Fighting
 32857 | Swamp:3  | HP: 16/159 [shambling mangrove (18)]
 34385 | Swamp:4  | Entered Level 4 of the Swamp
 34587 | Swamp:4  | Noticed a thorn hunter
 34637 | Swamp:3  | Reached XP level 17. HP: 94/166 MP: 16/16
 36118 | Snake:1  | Entered Level 1 of the Snake Pit
 37344 | Snake:1  | Reached skill level 19 in Fighting
 37472 | Swamp:2  | Bought the +9 scales of the Dragon King {rPois rF+ rC+ MR+}
                  | for 2371 gold pieces
 37472 | Swamp:2  | Found the +9 scales of the Dragon King {rPois rF+ rC+ MR+}
 37829 | Swamp:4  | Paralysed by a hornet for 2 turns
 38536 | Swamp:4  | Got a decaying rune of Zot
 39048 | Snake:2  | Reached skill level 1 in Throwing
 39048 | Snake:2  | Reached skill level 1 in Evocations
 39974 | Snake:2  | Found a runed gate.
 39975 | Snake:2  | Found a runed gate.
 39976 | Snake:2  | Found a runed gate.
 39977 | Snake:2  | Noticed Violenta's ghost (journeyman TrFi)
 39978 | Snake:2  | Noticed Totoid's ghost (adept DrBe)
 39978 | Snake:2  | Noticed Midd's ghost (adept DrBe)
 40195 | Snake:2  | Reached XP level 18. HP: 164/178 MP: 19/19
 40332 | Snake:2  | Found Cuaprik's General Store.
 40344 | Snake:2  | Bought a scroll of magic mapping for 52 gold pieces
 40388 | Snake:2  | Got a transparent scale mail
 40836 | Snake:2  | Identified the +5 scale mail "Leazex" {Regen+} (You found
                  | it on level 2 of the Snake Pit)
 40897 | Snake:3  | Reached skill level 5 in Throwing
 40951 | Snake:3  | Got a shadowed robe
 40972 | Snake:3  | Reached skill level 20 in Fighting
 41072 | Snake:3  | Reached skill level 5 in Evocations
 41625 | Vaults:1 | Entered Level 1 of the Vaults
 42650 | Vaults:1 | Cast into level 2 of the Abyss (vault guard)
 42951 | Abyss:2  | Noticed a lich
 42965 | Abyss:2  | Noticed a profane servitor
 42968 | Abyss:2  | Killed a lich
 42971 | Abyss:2  | Reached skill level 21 in Fighting
 42979 | Abyss:2  | Noticed a lich
 43002 | Abyss:2  | HP: 27/182 [something (15)]
 43143 | Abyss:2  | Reached XP level 19. HP: 89/151 MP: 24/24
 43207 | Abyss:2  | HP: 11/132 [raiju/living lightning (15)]
 43213 | Abyss:2  | HP: 12/132 [raiju (8)]
 43215 | Abyss:2  | HP: 1/132 [raiju (7)]
 43217 | Abyss:2  | Killed from afar by a raiju

Vault maps used:
D:1:      roderic_dead_forest
D:2:      fiery_altar_vehumet, uniq_terence
D:3:      yredelemnul_altar_generic, lightli_temple_of_fire, chequers_arboretum,
          st_stairs_2
D:4:      regret_index_temple_of_mockery, minmay_temple_entry_mist,
          serial_shops, shop, lemuel_statue_altar, uniq_blork_the_orc
D:5:      cheibrodos_quashed, gammafunk_temple_overflow_statue, first_ration,
          uniq_sigmund
D:6:      makhleb_heckhound_becter, ebering_ghost_xom,
          cheibrodos_sewer_entry_drain, basic_altar, serial_shops,
          nicolae_shop_behind_doors
D:7:      serial_rivers, chequers_serial_rivers_micro_d,
          chequers_serial_rivers_small_b, chequers_serial_rivers_small_b,
          chequers_serial_rivers_room_a, chequers_serial_rivers_small_3
D:8:      kiku_gazebo_pond_becter, okawaru_humans, uniq_harold
D:9:      dpeg_oklobed_lair, orc_0_dummy, hangedman_pestilent_swarm, uniq_erica
D:11:     biasface_ghost_orc_armoury, basic_altar, serial_shops, shop_coins
D:12:     lab_entry_generic, minmay_gold_behind_fungi, minmay_crystal_water,
          wad_mini_maze, uniq_fannar
D:13:     uniq_snorg
D:14:     grunt_vaults_entry_fortified
D:15:     grunt_enter_depths_hoard, serial_shops, nicolae_shop_stone
Temple:   minmay_temple_forest_path
Lair:1:   serial_bayou_shore_b, grunt_megastairs_2, lemuel_fruit_tree,
          serial_bayou_shore_b, serial_bayou_shore_b, uniq_nergalle
Lair:3:   gammafunk_lair_bear_cave
Lair:4:   nicolae_swamp_entry_splash_gauntlet,
          minmay_snake_entry_guardpost_medium, grunt_megastairs_1,
          serial_bayou_shore_a, lemuel_fruit_fields, minmay_lair_oklob_chamber,
          uniq_urug, uniq_nessos
Lair:5:   grunt_megastairs_4
Lair:6:   minmay_lair_end_frog_pond, slime_altar_1,
          portal_ice_cave_entry_pillars_1, serial_rivers,
          chequers_serial_rivers_room_a, chequers_serial_rivers_small_b,
          chequers_serial_rivers_micro_c, chequers_serial_rivers_large_a,
          st_stairs_12
Swamp:1:  gammafunk_mikee_crab_dinner, nicolae_swamp_dense_foliage
Swamp:2:  serial_swamp_ruin, hangedman_swamp_ruin_hall,
          evilmike_swamp_ruin_rubble_1, evilmike_swamp_ruin_rubble_2
Swamp:3:  nicolae_swamp_round_clearing, st_swamp_mini
Swamp:4:  swamp_basic_johnstein, swamp_pool3
Snake:1:  serial_bayou_pond_a
Snake:2:  cheibrodos_snake_ritualist_ritual, serial_shops, nicolae_shop_stone,
          gammafunk_ghost_cemetery
Snake:3:  gammafunk_ghost_necromancy, special_room, nicolae_snake_squiggles,
          nicolae_snake_springs, basic_stair_grate_trap, uniq_louise
Orc:1:    basic_altar, mines4_lemuel, uniq_erolcha
Orc:2:    st_orc_town, maelrawn_ghost_labyrinth_escape
Elf:1:    serial_shops, shop, evilmike_minifort, hangedman_decor_cross_pass
Vaults:1: ontoclasm_vaults_decontamination, ontoclasm_vaults_water_temple,
          nicolae_vaults_border_crossing, vaults_room_stairs_pillars,
          vaults_mumra_lcd, nicolae_vaults_ring_of_whatevers,
          nicolae_vaults_twisting_passages, v_pattern_3,
          vaults_room_ringed_pool, ontoclasm_vaults_fault
Sewer:    sewer_minmay_treatment

Skill      XL: |  1  2  3  4  5  6  7  8  9 10 11 12 13 14 15 16 17 18 |
---------------+-------------------------------------------------------+-----
Fighting       | 4 5 6 7 10 13 15 16 18 19 21 | 21.1
Axes           | 4 6 8 11 14 15 17 18 19 | 19.4
Armour         | 7 8 11 14 16 18 20 | 20.0
Dodging        | 5 8 |  8.1
Maces & Flails | 5 8 |  8.9
Crossbows      | 6 |  6.9
Throwing       | 4 8 |  8.0
Evocations     | 3 8 |  8.0
Shields        | |  3.6

Action                   |  1- 3 |  4- 6 |  7- 9 | 10-12 | 13-15 | 16-18 | 19-21 || total
-------------------------+-------+-------+-------+-------+-------+-------+-------++-------
Melee: War axe           |    91 |   142 |   329 |   228 |       |       |       ||   790
       Headbutt          |    12 |    19 |    80 |   201 |   491 |   339 |     2 ||  1144
       Mace              |       |       |       |   497 |  1563 |   329 |       ||  2389
       Battleaxe         |       |       |       |       |    12 |   912 |    17 ||   941
 Fire: Longbow           |       |       |       |       |     3 |       |       ||     3
       Arbalest          |       |       |       |       |     8 |   418 |     6 ||   432
       Fustibalus        |       |       |       |       |       |     8 |       ||     8
Throw: Stone             |       |       |       |    11 |    57 |    62 |       ||   130
       Javelin           |       |       |       |       |       |    24 |       ||    24
       Tomahawk          |       |       |       |       |       |    14 |       ||    14
Invok: Call Merchant     |       |       |       |       |       |     7 |       ||     7
Evoke: Wand              |       |       |       |     1 |     2 |     4 |       ||     7
  Use: Scroll            |       |       |    14 |    13 |     6 |    10 |     2 ||    45
       Potion            |       |       |       |     2 |     8 |    20 |     1 ||    31
 Stab: Distracted        |       |       |     4 |     3 |     7 |     5 |       ||    19
  Eat: Chunk             |     2 |     4 |       |       |       |       |       ||     6
       Ration            |       |       |     5 |     8 |    14 |    14 |       ||    41
Armor: Scale mail        |    42 |       |       |       |       |       |       ||    42
       Plate armour      |       |    77 |   136 |   317 |   483 |   554 |       ||  1567
       Gold dragon scale |       |       |       |       |       |   606 |    15 ||   621
Dodge: Dodged            |    32 |    28 |    69 |   211 |   479 |   858 |     8 ||  1685
Block: Shield            |    49 |    79 |   158 |   327 |   325 |       |       ||   938
       Buckler           |       |       |       |       |    91 |       |       ||    91

Table legend:
 A = Non-vault XP
 B = Vault XP
 C = Vault XP percentage of total XP
 D = Non-vault monster count
 E = Vault monster count
 F = Vault count percentage of total count
                 A         B        C        D         E       F
            +---------+---------+-------+---------+---------+-------
      Total |  279664 |   99786 |  26.3 |     966 |     318 |  24.8
            +---------+---------+-------+---------+---------+-------
        D:1 |      31 |       0 |   0.0 |      14 |       0 |   0.0
        D:2 |      49 |      36 |  42.4 |      19 |       1 |   5.0
        D:3 |      77 |      18 |  18.9 |      25 |       3 |  10.7
        D:4 |     842 |      90 |   9.7 |      30 |       1 |   3.2
        D:5 |     421 |     363 |  46.3 |      17 |       4 |  19.0
        D:6 |     287 |    1369 |  82.7 |      14 |       5 |  26.3
        D:7 |    2149 |       0 |   0.0 |      28 |       0 |   0.0
        D:8 |    2425 |    1401 |  36.6 |      34 |       3 |   8.1
        D:9 |    1676 |    2724 |  61.9 |      35 |       6 |  14.6
       D:10 |    2836 |       0 |   0.0 |      30 |       0 |   0.0
       D:11 |    3926 |       0 |   0.0 |      31 |       0 |   0.0
       D:12 |    3948 |    2097 |  34.7 |      11 |       4 |  26.7
       D:13 |    5465 |    1196 |  18.0 |      18 |       1 |   5.3
       D:14 |   15691 |    7697 |  32.9 |      43 |      10 |  18.9
       D:15 |   10004 |    2029 |  16.9 |      28 |       2 |   6.7
     Lair:1 |    2259 |    1249 |  35.6 |      14 |       2 |  12.5
     Lair:2 |    4368 |       0 |   0.0 |      20 |       0 |   0.0
     Lair:3 |    7930 |    1383 |  14.9 |      29 |       6 |  17.1
     Lair:4 |    4700 |    6286 |  57.2 |      18 |      20 |  52.6
     Lair:5 |    4349 |    3758 |  46.4 |      17 |      11 |  39.3
     Lair:6 |   11254 |    9931 |  46.9 |      32 |      43 |  57.3
    Swamp:1 |   17153 |       0 |   0.0 |      41 |       0 |   0.0
    Swamp:2 |   11642 |       0 |   0.0 |      29 |       0 |   0.0
    Swamp:3 |   13237 |    7491 |  36.1 |      47 |       9 |  16.1
    Swamp:4 |   12170 |   17065 |  58.4 |      35 |      25 |  41.7
    Snake:1 |   20683 |     440 |   2.1 |      39 |       1 |   2.5
    Snake:2 |   29898 |    2365 |   7.3 |      51 |       4 |   7.3
    Snake:3 |   13759 |    3604 |  20.8 |      29 |      11 |  27.5
      Orc:1 |    2847 |    1752 |  38.1 |      33 |       7 |  17.5
      Orc:2 |    5989 |    7922 |  56.9 |      32 |      66 |  67.3
      Elf:1 |   21291 |       0 |   0.0 |      34 |       0 |   0.0
   Vaults:1 |   25509 |   17252 |  40.3 |      46 |      25 |  35.2
    Abyss:2 |   20799 |       0 |   0.0 |      43 |       0 |   0.0
      Sewer |       0 |     268 | 100.0 |       0 |      48 | 100.0
            +---------+---------+-------+---------+---------+-------
